 Dungeon Crawl Stone Soup version 0.28-a0-265-g048bc9fd10 (webtiles) character file.

Game seed: 10398650963820975937

198 aSlayers the Skirmisher (level 5, 0/48 HPs)
             Began as a Hill Orc Abyssal Knight on Aug 27, 2021.
             Was a Believer of Lugonu.
             Slain by a goblin (5 damage)
             ... led by Robin
             ... on level 4 of the Dungeon.
             The game lasted 00:05:27 (4474 turns).

aSlayers the Skirmisher (Hill Orc Abyssal Knight)   Turns: 4474, Time: 00:05:28

Health: 0/48       AC:  4    Str: 16    XL:     5   Next: 76%
Magic:  6/6        EV: 11    Int: 12    God:    Lugonu [**....]
Gold:   188        SH:  0    Dex: 10    Spells: 4/4 levels left

rFire   . . .      SeeInvis .   a - +1 hand axe (drain)
rCold   . . .      Faith    .   (no shield)
rNeg    . . .      Spirit   .   b - +1 leather armour
rPois   +          Reflect  .   (no helmet)
rElec   .          Harm     .   (no cloak)
rCorr   .          Rampage  .   (no gloves)
Will    .....                   (no boots)
Stlth   +.........              (no amulet)
HPRegen 0.16/turn               f - ring of poison resistance
MPRegen 0.10/turn               (no ring)

@: no status effects
A: no striking features
a: Renounce Religion, Depart the Abyss, Bend Space


You were on level 4 of the Dungeon.
You worshipped Lugonu.
Lugonu was pleased with you.
You visited 1 branch of the dungeon, and saw 4 of its levels.
You visited the Abyss 1 time.

You collected 188 gold pieces.

Inventory:

Hand Weapons
 a - a +1 hand axe of draining (weapon)
Armour
 b - a +1 leather armour (worn)
Jewellery
 f - a ring of poison resistance (left hand)
Scrolls
 c - 3 scrolls of identify
 h - 2 scrolls of fear
 l - a scroll of vulnerability
 n - a scroll of teleportation {unknown}
Potions
 d - a potion of attraction
 e - a potion of curing
 j - a potion of flight
 k - a potion of brilliance


   Skills:
 + Level 5.3 Fighting
 + Level 5.0 Axes
 + Level 3.1 Armour
 + Level 1.5 Dodging
 + Level 0.5 Stealth
 + Level 2.4 Invocations


You had 4 spell levels left.
You didn't know any spells.
Your spell library was empty.

Dungeon Overview and Level Annotations

Branches:
Dungeon (4/15)
 Temple: D:4-7

Altars:

Annotations:
D:4 Robin


Message History

You miss the goblin. You closely miss the goblin.
You completely miss the hobgoblin.
You feel sick. The goblin hits you with a +0 club.
The goblin unwields a +0 hunting sling.
The goblin wields a +0 dagger.
The goblin closely misses you.
You barely miss the goblin. You closely miss the goblin.
You barely miss the goblin. You closely miss the hobgoblin.
You feel sick. The goblin closely misses you. The hobgoblin closely misses you.
The goblin hits you with a +0 dagger.
You slash the goblin!
You kill the goblin!
Lugonu accepts your kill.
You hit the hobgoblin. You barely miss the goblin. You closely miss the goblin.
You hit the hobgoblin but do no damage.
You feel sick.
You are no longer poisoned.
A ball python comes into view.
Robin throws the goblin at you! The goblin hits you with a +0 dagger.
The hobgoblin hits you.
The hobgoblin hits you but does no damage.
The goblin hits you with a +0 club. The goblin misses you.
You are too injured to fight recklessly!
You are too injured to fight recklessly!
You are too injured to fight recklessly!
You are too injured to fight recklessly!
You are too injured to fight recklessly!
As you read the scroll of identify, it crumbles to dust.
l - a scroll of vulnerability The goblin hits you but does no damage.
The hobgoblin hits you.
* * * LOW HITPOINT WARNING * * *
The hobgoblin closely misses you. The hobgoblin misses you.
The goblin misses you. The goblin hits you with a +0 club.
* * * LOW HITPOINT WARNING * * *
Unknown command.
As you read the scroll labelled QOACRE WAAFYIK, it crumbles to dust.
It is a scroll of brand weapon.
Your +1 hand axe craves living souls!
a - a +1 hand axe of draining (weapon)
The goblin closely misses you. Robin barely misses you.
The hobgoblin hits you but does no damage.
The hobgoblin barely misses you. x2; The goblin hits you with a +0 club.
You die...

..#.......... ...........
# ......... .. ...S...
#..##..... +###+#
###....g. ## #.....
#.....gg###.# # #..... .
#g@g...##.# #+###+#
?..###)gg....... .......
.............#... ...###.
...##...........# ##.....
#..######.......# #......
#........###...####......
##...##..# #...#.#.......
##....#.####........#....
..>.......##...........#.


You could see Robin, 3 hobgoblins, 3 goblins and a ball python.

Vanquished Creatures
  A scorpion (D:4)
  An orc priest (D:4)
  4 adders
  An adder skeleton (D:4)
  A worm (D:2)
  4 orcs
  7 endoplasms
  4 giant cockroaches
  11 goblins
  4 hobgoblins
  A jackal (D:1)
  5 kobolds
  4 quokkas (D:1)
  3 ball pythons
  2 bats
  4 frilled lizards
  8 rats (D:1)
65 creatures vanquished.

Notes
Turn   | Place    | Note
-------+----------+-------------------------------------------
     0 | Abyss:1  | aSlayers the Hill Orc Abyssal Knight began the quest for
                  | the Orb.
     0 | Abyss:1  | Reached XP level 1. HP: 19/19 MP: 2/2
    56 | Abyss:1  | Noticed a large abomination
    57 | D:1      | Escaped the Abyss
   104 | D:1      | Reached * piety under Lugonu
   257 | D:1      | Reached XP level 2. HP: 27/27 MP: 3/3
   675 | D:1      | Reached XP level 3. HP: 34/34 MP: 4/4
  1585 | D:2      | Reached skill level 1 in Dodging
  2304 | D:2      | Reached XP level 4. HP: 27/41 MP: 5/5
  2744 | D:3      | Reached ** piety under Lugonu
  2781 | D:3      | Reached skill level 5 in Fighting
  3755 | D:4      | Noticed a scorpion
  3769 | D:4      | HP: 2/42 [poisoned by a scorpion]
  3782 | D:4      | HP: 1/42 [scorpion (7)]
  3784 | D:4      | Killed a scorpion
  3785 | D:4      | Reached XP level 5. HP: 2/48 MP: 6/6
  4135 | D:4      | HP: 1/48 [orc priest/divine providence (7)]
  4420 | D:4      | Reached skill level 5 in Axes
  4465 | D:4      | Noticed Robin
  4474 | D:4      | Slain by a goblin

Illustrated notes

Levels and vault maps discovered:
D:1:      elethiomel_arrival_diamonds, layout_basic, minmay_misc_feat_chi,
          minmay_close_crescents
D:2:      layout_loops_corners
D:3:      layout_basic
D:4:      layout_cave_pools, mainiacjoe_overflow_24_doors, old_standard_altar,
          serial_column_ruins, column_ruins_circle_small,
          column_ruins_open_tiny, column_ruins_open_small_water,
          column_ruins_corridor_T, column_ruins_columns_corner,
          skrybe_limestone_x, uniq_robin

Skill      XL: |  1  2  3  4  5 |
---------------+----------------+-----
Fighting       | 4 5 |  5.3
Axes           | 3 4 5 |  5.0
Dodging        | 1 |  1.5
Armour         | 3 |  3.1
Stealth        | |  0.5
Invocations    | |  2.4

Action                   |  1- 3 |  4- 6 || total
-------------------------+-------+-------++-------
Melee: Hand axe          |   130 |    78 ||   208
Invok: Depart the Abyss  |     1 |       ||     1
  Use: Scroll            |       |     8 ||     8
       Potion            |       |     3 ||     3
 Stab: Sleeping          |       |     1 ||     1
Armor: Leather armour    |    27 |    26 ||    53
Dodge: Dodged            |    81 |    67 ||   148

Table legend: (Time is in decaauts)
 A = Elapsed time spent in this place.
 B = Non-inter-level travel time spent in this place.
 C = Inter-level travel time spent in this place.
 D = Time resting spent in this place.
 E = Time spent auto-exploring this place.
 F = Levels seen in this place.
 G = Mean time per level.
                   A        B        C        D        E       F      G
               +--------+--------+--------+--------+--------+-----+--------+
         Total |   4498 |   4498 |      0 |      0 |   3880 |   5 |  899.6 |
       Dungeon |   4441 |   4441 |      0 |      0 |   3826 |   4 | 1110.2 |
         Abyss |     57 |     57 |      0 |      0 |     54 |   1 |   57.0 |
               +--------+--------+--------+--------+--------+-----+--------+

Top non-repeatable levels by time:
     D:2: 1451 daAuts
     D:1: 1246 daAuts
     D:3: 958 daAuts
     D:4: 784 daAuts
 Abyss:1: 57 daAuts
